Map: Divergence CE

Players

Ekelpack - Winner!

  • Race: Zerg Zerg
  • Spawn Location: 11:00

Nyck - Winner!

  • Race: Terran Terran
  • League: Silver
  • Spawn Location: 11:00

captainCrazy

  • Race: Zerg Zerg
  • League: Platinum
  • Spawn Location: 5:00

biggyZ

  • Race: Terran Terran
  • League: Platinum
  • Spawn Location: 5:00

VOD

Have the link to the VOD?

Description

Time

  • Played on: Oct. 29, 2024, 1:11 p.m.
  • Length: 12:40
Show
View Real Time Build Order
Export as new Build Order

Ekelpack Zerg - Winner!

Build Orders: Hatch First 

Get SALT Encoding   

  12  0:00  Drone  
  13  0:12  Overlord  
  13  0:19  Drone  
  14  0:32  Drone  
  15  0:48  Hatchery  
  15  0:50  Drone  
  15  1:04  Spawning Pool  
  15  1:07  Drone  
  15  1:13  Drone  
  15  1:16  Extractor  
  15  1:17  Drone  
  16  1:23  Drone  
  17  1:29  Drone  
  18  1:40  Drone  
  19  1:52  Queen  
  21  1:57  Drone  
  21  1:59  Queen  
  24  2:02  Drone  
  24  2:08  Drone  
  26  2:15  Overlord  
  26  2:19  Drone  
  27  2:29  Lair  
  27  2:32  Drone  
  27  2:35  Drone x2  
  30  2:42  Drone  
  31  2:47  Drone  
  31  2:49  Extractor  
  31  2:50  Overlord  
  31  2:54  Drone  
  32  3:02  Drone  
  32  3:03  Drone x3  
  36  3:06  Extractor  
  36  3:07  Drone  
  36  3:10  Drone x3  
  39  3:15  Overlord  
  39  3:19  Metabolic Boost  
  39  3:24  Drone  
  40  3:37  Extractor  
  40  3:40  Drone  
  40  3:41  Spire  
  40  3:42  Overlord  
  40  3:43  Drone  
  40  3:47  Drone  
  40  3:48  Drone x3  
  44  3:55  Zergling x8  
  47  4:54  Mutalisk x6  
  47  4:56  Overlord  
  47  4:58  Zerg Flyer Weapons Level 1  
  59  5:00  Overlord x2  
  59  5:09  Hatchery  
  59  5:11  Mutalisk  
  59  5:12  Extractor  
  59  5:18  Extractor  
  58  5:21  Mutalisk x3  
  58  5:22  Mutalisk x4  
  72  5:33  Queen  
  74  5:36  Drone x3  
  77  5:55  Drone x2  
  77  5:56  Drone x5  
  84  5:58  Overlord x2  
  84  6:16  Mutalisk  
  84  6:17  Mutalisk x3  
  92  6:37  Overlord x2  
  92  6:44  Zergling x4  
  92  6:45  Zergling x12  
  100  7:00  Zergling x2  
  100  7:01  Zergling x4  
  97  7:37  Infestation Pit  
  97  7:38  Evolution Chamber  
  97  7:40  Evolution Chamber  
  94  7:45  Drone x5  
  94  7:46  Drone x4  
  103  7:58  Zerg Flyer Weapons Level 2  
  103  8:04  Zerg Melee Weapons Level 1  
  103  8:07  Zerg Ground Armor Level 1  
  103  8:13  Hive  
  103  8:18  Drone  
  103  8:19  Drone x3  
  107  8:25  Pneumatized Carapace  
  107  8:27  Overlord x2  
  103  8:54  Overlord x2  
  101  9:16  Zergling x12  
  101  9:17  Zergling x14  
  109  9:18  Zergling x14  
  109  9:19  Zergling x8  
  125  9:42  Ultralisk Cavern  
  125  9:45  Zergling x8  
  127  9:46  Zergling x12  
  134  10:01  Zerg Melee Weapons Level 2  
  134  10:02  Zerg Ground Armor Level 2  
  134  10:03  Hatchery  
  133  10:15  Hatchery, Adrenal Glands  
  133  10:18  Greater Spire, Overlord x3  
  133  10:19  Overlord  
  132  10:29  Overlord x3  
  126  10:51  Ultralisk x4  
  126  10:52  Ultralisk x6  
  126  10:55  Ultralisk x2  
  198  10:57  Chitinous Plating  
  196  11:15  Drone  
  197  11:39  Overseer x3  
  197  11:48  Zergling x8  
  199  12:08  Drone  
  200  12:10  Extractor  
  200  12:12  Drone  
Show
View Real Time Build Order
Export as new Build Order

Nyck Terran - Winner!

Build Orders: Reaper Expand 

Get SALT Encoding   

  12  0:00  SCV  
  13  0:12  SCV  
  14  0:17  Supply Depot  
  14  0:26  SCV  
  15  0:39  SCV  
  15  0:42  Barracks  
  16  0:49  Refinery  
  16  0:52  Refinery  
  16  0:54  SCV  
  17  1:06  SCV  
  18  1:18  SCV  
  19  1:30  Reaper  
  20  1:34  Orbital Command  
  20  1:52  Command Center  
  20  2:04  Supply Depot  
  20  2:08  SCV  
  21  2:16  Barracks Reactor  
  21  2:23  Factory  
  21  2:35  SCV  
  22  2:53  Marine x2  
  24  2:59  SCV  
  25  3:09  Starport, Factory Reactor  
  25  3:17  Supply Depot  
  25  3:21  Orbital Command  
  25  3:23  SCV  
  26  3:35  SCV  
  27  3:41  Barracks Tech Lab  
  27  3:43  Barracks  
  27  3:47  Hellion x2  
  31  3:49  Starport Reactor  
  31  3:59  Orbital Command  
  31  4:05  SCV  
  31  4:06  Combat Shield  
  32  4:12  Hellion x2  
  36  4:17  SCV  
  37  4:27  SCV  
  37  4:30  SCV  
  39  4:37  Marine  
  39  4:38  Refinery  
  40  4:39  SCV  
  40  4:42  SCV  
  42  4:51  SCV  
  43  4:54  SCV  
  43  4:59  Marine  
  45  5:03  SCV  
  45  5:06  SCV  
  45  5:07  Hellion x2  
  51  5:08  Marine x2  
  51  5:11  Supply Depot  
  51  5:13  Supply Depot  
  53  5:16  SCV  
  53  5:21  Refinery  
  54  5:25  Stimpack  
  54  5:33  SCV, Marine, Medivac x2  
  60  5:37  Engineering Bay  
  60  5:40  SCV  
  61  5:45  SCV  
  62  5:53  SCV  
  63  5:57  SCV  
  63  5:59  Command Center  
  64  6:04  Engineering Bay  
  64  6:05  SCV  
  64  6:09  SCV  
  66  6:22  SCV x2  
  66  6:24  Terran Infantry Weapons Level 1  
  68  6:32  Armory  
  68  6:34  SCV x2, Barracks  
  70  6:55  Terran Infantry Armor Level 1  
  70  7:00  Supply Depot  
  70  7:11  SCV x2, Widow Mine x2, Medivac x2  
  80  7:23  Supply Depot, SCV x2  
  76  7:40  SCV x2  
  76  7:42  Orbital Command  
  76  7:45  Viking x2  
  80  7:52  SCV x2  
  80  7:54  Marine x3  
  85  7:58  Cyclone x2  
  85  8:04  SCV, Terran Vehicle And Ship Armor Level 1  
  85  8:05  SCV, Armory  
  91  8:12  Orbital Command  
  91  8:15  Viking x2  
  91  8:16  SCV  
  91  8:17  SCV, Command Center  
  97  8:26  Terran Infantry Weapons Level 2  
  97  8:29  SCV x2  
  99  8:39  Marine x2  
  101  9:04  Refinery  
  101  9:07  Refinery  
  101  9:08  Supply Depot  
  101  9:12  Terran Infantry Armor Level 2  
  101  9:15  Terran Ship Weapons Level 1  
  101  9:16  Supply Depot  
  101  9:21  Barracks  
  101  9:23  Barracks Tech Lab  
  101  9:27  Ghost Academy  
  101  9:29  SCV x3, Marine, Viking x2  
  109  9:32  Supply Depot  
  109  9:35  Orbital Command  
  109  9:39  Supply Depot  
  109  9:41  SCV x3  
  112  9:53  SCV x3  
  112  9:55  Supply Depot  
  115  10:01  Supply Depot  
  115  10:05  SCV x2  
  117  10:11  SCV x2  
  119  10:17  Supply Depot, SCV x2  
  119  10:18  Marine  
  119  10:19  Marine x2  
  124  10:23  SCV, Viking x2  
  124  10:24  Supply Depot  
  130  10:29  SCV x2  
  130  10:34  Command Center  
  132  10:35  SCV  
  132  10:41  SCV  
  132  10:42  SCV  
  134  10:47  SCV  
  135  10:54  SCV x2  
  137  10:57  Factory Tech Lab  
  137  10:59  SCV  
  137  11:00  Supply Depot  
  138  11:07  SCV  
  138  11:08  SCV  
  140  11:11  Liberator  
  140  11:12  Liberator  
  146  11:21  SCV x3  
  146  11:23  Supply Depot, Siege Tank  
  152  11:30  Concussive Shells  
  152  11:32  Barracks Tech Lab  
  152  11:37  Barracks  
  152  11:41  Orbital Command  
  152  11:45  Supply Depot  
  152  11:55  Siege Tank  
  155  12:07  Supply Depot  
  150  12:29  Supply Depot  
Show
View Real Time Build Order
Export as new Build Order

captainCrazy Zerg 

Build Orders: Pool First 

Get SALT Encoding   

  12  0:00  Drone  
  13  0:16  Overlord  
  13  0:20  Drone  
  14  0:34  Drone  
  14  0:35  Drone  
  16  0:41  Drone  
  17  0:47  Spawning Pool  
  17  0:49  Drone  
  17  1:12  Hatchery  
  17  1:17  Drone  
  17  1:28  Drone, Extractor  
  17  1:34  Queen  
  17  1:38  Drone  
  17  1:39  Drone  
  21  1:48  Drone  
  22  1:57  Overlord  
  22  2:21  Drone  
  22  2:22  Drone  
  24  2:31  Drone  
  24  2:32  Drone  
  26  2:40  Metabolic Boost  
  26  2:46  Queen  
  26  2:47  Queen  
  30  3:11  Drone x4  
  30  3:12  Drone x2  
  36  3:14  Hatchery  
  36  3:15  Drone  
  36  3:23  Pneumatized Carapace  
  36  3:41  Overlord x2  
  36  3:52  Overlord  
  36  4:00  Roach Warren  
  35  4:05  Zergling x12  
  41  4:11  Drone x2  
  43  4:19  Drone x3  
  43  4:21  Zergling x2  
  47  4:28  Drone  
  48  4:36  Extractor  
  46  4:52  Roach x4  
  54  4:57  Queen  
  56  5:07  Lair  
  56  5:26  Drone x2  
  56  5:27  Overlord x3  
  58  5:33  Extractor  
  58  5:34  Drone  
  58  5:44  Queen  
  58  5:45  Drone x16  
  58  5:49  Overlord  
  76  5:57  Drone  
  76  5:58  Drone  
  68  6:19  Queen x2  
  68  6:23  Spore Crawler  
  73  6:25  Spore Crawler  
  73  6:26  Spore Crawler  
  73  6:28  Spore Crawler x2  
  73  6:29  Spore Crawler  
  66  6:36  Hydralisk Den  
  61  6:55  Queen x2  
  62  7:06  Muscular Augments  
  62  7:07  Spore Crawler x2  
  62  7:08  Overlord x4  
  54  7:39  Hydralisk  
  54  7:40  Hydralisk x9  
  74  7:44  Overlord x3  
  74  7:50  Spore Crawler  
  73  7:52  Spore Crawler  
  73  7:55  Drone x2  
  73  7:56  Drone  
  75  8:10  Grooved Spines  
  75  8:14  Queen  
  75  8:15  Queen  
  79  8:25  Hatchery  
  78  8:27  Drone  
  78  8:28  Drone x5, Extractor  
  83  8:38  Hydralisk x8  
  99  9:44  Queen  
  101  9:46  Drone x3, Overlord x2  
  101  9:47  Overlord  
  101  9:48  Spine Crawler  
  101  9:50  Spine Crawler, Extractor  
  101  9:51  Extractor  
  100  9:54  Drone x5  
  105  10:07  Glial Reconstitution  
  105  10:09  Overseer x3  
  105  10:13  Overseer  
  105  10:19  Queen  
  105  10:20  Roach x2  
  105  10:21  Roach x4  
  119  10:30  Queen  
  119  10:32  Queen  
  116  10:48  Drone x2  
  116  10:49  Drone x6  
  124  10:51  Spore Crawler  
  123  11:09  Drone  
  124  11:12  Evolution Chamber  
  124  11:13  Evolution Chamber  
  124  11:14  Drone  
  123  11:36  Roach x3  
  123  11:39  Overlord x3  
  129  11:40  Overlord x2  
  129  11:41  Hatchery  
  129  11:45  Spore Crawler  
  129  11:46  Spore Crawler, Drone  
  129  11:47  Drone x3, Spore Crawler  
  129  11:55  Baneling Nest  
  128  12:14  Lurker Den  
  127  12:17  Infestation Pit  
Show
View Real Time Build Order
Export as new Build Order

biggyZ Terran 

Build Orders: Reaper Expand 

Get SALT Encoding   

  12  0:00  SCV  
  13  0:13  SCV  
  14  0:17  Supply Depot  
  14  0:25  SCV  
  15  0:38  SCV  
  15  0:42  Barracks  
  16  0:50  SCV  
  16  0:53  Refinery  
  17  1:03  SCV  
  18  1:15  SCV  
  19  1:29  Orbital Command  
  19  1:43  Command Center  
  19  1:44  Reaper  
  20  1:54  SCV  
  21  2:03  Supply Depot  
  21  2:06  SCV  
  22  2:20  SCV  
  22  2:29  Refinery, Barracks Reactor  
  22  2:39  Factory  
  22  2:49  SCV  
  23  3:05  SCV  
  24  3:07  Orbital Command  
  24  3:08  Command Center  
  24  3:11  Marine x2  
  26  3:17  SCV  
  27  3:26  Factory Tech Lab  
  27  3:27  Starport  
  27  3:29  SCV  
  27  3:31  Marine  
  27  3:32  Marine  
  27  3:33  SCV  
  31  3:41  SCV  
  31  3:42  Supply Depot  
  31  3:47  SCV  
  33  3:49  Siege Tank  
  33  3:53  SCV  
  37  3:58  Marine x2  
  37  3:59  SCV  
  40  4:05  SCV  
  40  4:06  Starport Reactor  
  41  4:10  Barracks  
  41  4:11  SCV  
  41  4:16  Marine x2  
  44  4:17  SCV  
  44  4:21  Refinery  
  44  4:23  SCV  
  46  4:25  Refinery  
  46  4:28  Orbital Command  
  46  4:36  SCV  
  46  4:37  SCV  
  48  4:44  Medivac x2  
  52  4:46  Marine x2  
  52  4:47  Siege Tank  
  52  4:49  SCV  
  52  4:50  SCV  
  59  4:58  SCV  
  60  5:01  SCV  
  61  5:09  Barracks Tech Lab  
  61  5:14  SCV x3  
  63  5:17  Factory  
  64  5:26  SCV x3  
  67  5:29  Engineering Bay  
  67  5:31  Engineering Bay  
  67  5:38  SCV x2  
  67  5:41  Refinery  
  67  5:42  Supply Depot  
  69  5:43  Refinery  
  69  5:55  Supply Depot  
  69  5:58  SCV x3, Marine x3  
  69  6:00  Combat Shield  
  78  6:04  Siege Tank  
  78  6:05  Factory Tech Lab  
  78  6:08  Missile Turret  
  78  6:10  SCV x3  
  81  6:11  Terran Infantry Weapons Level 1, Missile Turret  
  81  6:18  Supply Depot, Missile Turret  
  81  6:21  Missile Turret  
  81  6:31  Missile Turret x2  
  81  6:36  SCV x3  
  84  6:41  Supply Depot  
  84  6:42  Missile Turret x2  
  84  6:47  Marine  
  84  6:48  SCV, Marine x2  
  88  7:05  Marine x3  
  89  7:08  Barracks  
  89  7:13  Barracks  
  91  7:15  Missile Turret, Widow Mine  
  91  7:16  Widow Mine  
  91  7:19  Stimpack  
  90  7:23  Marine x3  
  94  7:37  Widow Mine x2  
  94  7:41  Marine  
  97  7:49  Missile Turret  
  97  7:50  Missile Turret  
  97  7:52  Missile Turret  
  97  7:54  SCV x3, Barracks  
  97  7:57  Barracks  
  100  8:13  SCV x3  
  100  8:15  Barracks Reactor x2  
  100  8:19  Marine x3  
  106  8:21  Widow Mine  
  106  8:25  SCV  
  109  9:00  Supply Depot  
  109  9:02  Supply Depot, Terran Infantry Armor Level 1  
  109  9:03  Supply Depot  
  109  9:04  Supply Depot  
  109  9:19  Barracks Reactor x2  
  109  9:21  Marine x5  
  109  9:22  SCV, Widow Mine  
  109  9:24  SCV x2, Marine x2, Viking, Siege Tank  
  117  9:25  Viking  
  128  9:34  SCV  
  128  9:36  SCV x2  
  131  9:39  Marine x5  
  131  9:42  Marine x2  
  131  9:43  Siege Tank  
  141  9:53  Supply Depot  
  141  9:57  Viking  
  141  10:14  Marine x6  
  141  10:15  Marauder, Armory  
  141  10:16  Supply Depot  
  141  10:20  SCV, Marine x4, Viking, Siege Tank x2  
  162  10:25  Missile Turret  
  162  10:27  Viking  
  164  10:32  Marine  
  165  10:38  Marine, Marauder  
  166  10:57  Sensor Tower  
  166  10:59  Marauder  
  166  11:02  Supply Depot  
  168  11:09  Medivac  
  168  11:10  Medivac  
  172  11:13  Marine  
  173  11:19  Supply Depot  
  173  11:24  Siege Tank x2, Marine x2  
  181  11:27  Supply Depot  
  181  11:40  Marine x4  
  181  11:41  Medivac x2  
  189  11:47  Marine x2  
  189  11:48  Marine x2  
  189  11:49  Marine x2, Marauder  
  189  11:50  Supply Depot  
  195  11:58  Marine x2  
  197  12:11  Marine  
  197  12:12  Marauder  
  200  12:18  Marine x2  
  200  12:19  Marine x4  
Tags
 
Add a new tag
Caveats
  • Supply blocks, unpowered buildings, or Contaminate may cause inaccurate times.
  • Supply counts are checked every 10 seconds.